[Event "ESP-chT 1st Division 2020"]
[Site "Padron"]
[Date "2020.10.03"]
[Round "1.23"]
[White "Rodriguez Ferreiros, Andres"]
[Black "Almeida Sanchez, Ciriaco"]
[Result "1-0"]
[ECO "C89"]
[WhiteElo "2133"]
[BlackElo "1872"]
[Annotator "ChessBase"]
[PlyCount "71"]
[EventDate "2020.10.01"]
[EventType "team-tourn"]
[EventCountry "ESP"]
[SourceTitle "playchess.com"]
[Source "ChessBase"]
[SourceQuality "1"]
[TimeControl "5400+30"]

1. e4 e5 2. Nf3 Nc6 3. Bb5 a6 4. Ba4 Nf6 5. O-O b5 6. Bb3 Be7 7. Re1 O-O 8. c3 d5 9. exd5 Nxd5 10. Nxe5 Nxe5 11. Rxe5 c6 12. d3 Bd6 13. Rh5 Nf4 14. Bxf4 Bxf4 15. Qf3 Bc1 16. a4 Qe7 17. Qe4 Qxe4 18. dxe4 Re8 19. Bc2 f5 20. axb5 g6 21. Rh4 Bg5 22. Rh3 fxe4 23. Rg3 Bf4 24. bxc6 Bxg3 25. hxg3 Bf5 26. Na3 e3 27. fxe3 Rxe3 28. Nc4 Re7 29. Bxf5 gxf5 30. b4 Raa7 31. Kf2 Kg7 32. Ra5 Kf6 33. Nb6 Kg5 34. Nc8 Rec7 35. Nxa7 Rxa7 36. b5 1-0

[Event "ESP-chT 1st Division 2020"]
[Site "Padron"]
[Date "2020.10.03"]
[Round "1.24"]
[White "San Juan Morigosa, Isaura"]
[Black "Dorado Meijide, Andrea"]
[Result "0-1"]
[ECO "E32"]
[WhiteElo "1766"]
[BlackElo "1779"]
[Annotator "NA"]
[PlyCount "90"]
[EventDate "2020.10.01"]
[EventType "team-tourn"]
[EventCountry "ESP"]
[SourceTitle "playchess.com"]
[Source "ChessBase"]
[SourceQuality "1"]
[TimeControl "5400+30"]

1. d4 e6 2. c4 Bb4+ 3. Nc3 Nf6 4. Qc2 O-O 5. a3 Bxc3+ 6. bxc3 d6 7. Bg5 Re8 8. e3 e5 9. Bd3 h6 10. Bxf6 Qxf6 11. Ne2 Qh4 12. Ng3 exd4 13. cxd4 Qxd4 14. O-O Qe5 15. Rab1 Nc6 16. Rb5 Qe7 17. Bh7+ Kh8 18. Be4 a6 19. Rh5 Bg4 20. Bxc6 bxc6 21. Ra5 c5 22. Rb1 Bd7 23. Qb2 Bc6 24. e4 Qg5 25. f3 Reb8 26. Qxb8+ Rxb8 27. Rxb8+ Kh7 28. Rxa6 Qc1+ 29. Kf2 Bd7 30. Raa8 Qd2+ 31. Ne2 Be6 32. Rb1 Bxc4 33. Re1 Bxe2 34. Rxe2 Qd4+ 35. Kg3 c4 36. Rb8 c3 37. Rb1 Qd3 38. Ree1 c6 39. Ra1 d5 40. a4 d4 41. a5 Qa6 42. Rec1 c5 43. Kf2 c4 44. Rcb1 c2 45. Rb6 Qxa5 0-1

[Event "ESP-chT 1st Division 2020"]
[Site "Padron"]
[Date "2020.10.04"]
[Round "2.1"]
[White "Adla, Diego"]
[Black "Pap, Misa"]
[Result "1-0"]
[ECO "A25"]
[WhiteElo "2438"]
[BlackElo "2447"]
[Annotator "ChessBase"]
[PlyCount "71"]
[EventDate "2020.10.01"]
[EventType "team-tourn"]
[EventCountry "ESP"]
[SourceTitle "playchess.com"]
[Source "ChessBase"]
[SourceQuality "1"]
[TimeControl "5400+30"]

1. c4 e5 2. Nc3 Nc6 3. g3 g6 4. Bg2 Bg7 5. e3 d6 6. Nge2 h5 7. h4 Bg4 8. d3 Qd7 9. Rb1 a5 10. Nd5 Ra7 11. f3 Be6 12. e4 Ra6 13. Be3 Nd4 14. Bxd4 exd4 15. Nef4 Be5 16. Nxe6 Bxg3+ 17. Ke2 fxe6 18. Bh3 Kf7 19. Qg1 Be5 20. f4 Bg7 21. Rh2 c6 22. Rg2 cxd5 23. cxd5 Kf8 24. Rxg6 Nf6 25. Bxe6 Qe7 26. Rc1 Ra8 27. Qg5 Rh7 28. Rg1 Ng4 29. Qf5+ Ke8 30. R6xg4 hxg4 31. Qxh7 Qc7 32. Kd2 a4 33. Rxg4 Qa5+ 34. Kd1 Qb5 35. Qg8+ Bf8 36. Qf7+ 1-0

[Event "ESP-chT 1st Division 2020"]
[Site "Padron"]
[Date "2020.10.04"]
[Round "2.2"]
[White "Pile, Richard"]
[Black "Glavina, Pablo"]
[Result "1-0"]
[ECO "C49"]
[WhiteElo "2450"]
[BlackElo "2412"]
[Annotator "ChessBase"]
[PlyCount "101"]
[EventDate "2020.10.01"]
[EventType "team-tourn"]
[EventCountry "ESP"]
[SourceTitle "playchess.com"]
[Source "ChessBase"]
[SourceQuality "1"]
[TimeControl "5400+30"]

1. e4 e5 2. Nf3 Nc6 3. Nc3 Nf6 4. Bb5 Bb4 5. O-O O-O 6. d3 Bxc3 7. bxc3 d6 8. Bg5 Qe7 9. Nd2 h6 10. Bxf6 Qxf6 11. Bc4 Na5 12. Bb3 Qg6 13. Qe2 Nxb3 14. axb3 f5 15. f3 Be6 16. d4 fxe4 17. fxe4 a6 18. dxe5 dxe5 19. Qe3 Rae8 20. Nf3 Bg4 21. Nd2 Be6 22. Rae1 b6 23. c4 Rd8 24. Rxf8+ Rxf8 25. Qc3 Rd8 26. Nf3 Bg4 27. Nxe5 Qf6 28. Qa1 Bh5 29. Nd3 Qxa1 30. Rxa1 Bg6 31. Nf2 Rd2 32. Rc1 Rd4 33. Ra1 Rd2 34. Ra2 a5 35. Kf1 a4 36. bxa4 Bf7 37. Ke1 Rd4 38. a5 bxa5 39. Rxa5 Rxc4 40. Ra8+ Kh7 41. Kd2 Rd4+ 42. Ke3 Rc4 43. Kd3 Rc6 44. Ng4 Rd6+ 45. Ke3 Bh5 46. Ne5 Bd1 47. c4 Re6 48. Nd7 Rc6 49. c5 g5 50. Kd4 Bb3 51. Ra7 1-0

[Event "ESP-chT 1st Division 2020"]
[Site "Padron"]
[Date "2020.10.04"]
[Round "2.3"]
[White "Quintin Navarro, Alberto"]
[Black "Hernando Rodrigo, Julio Antonio"]
[Result "1-0"]
[ECO "C17"]
[WhiteElo "2383"]
[BlackElo "2266"]
[Annotator "ChessBase"]
[PlyCount "135"]
[EventDate "2020.10.01"]
[EventType "team-tourn"]
[EventCountry "ESP"]
[SourceTitle "playchess.com"]
[Source "ChessBase"]
[SourceQuality "1"]
[TimeControl "5400+30"]

1. e4 e6 2. d4 d5 3. Nc3 Bb4 4. e5 c5 5. dxc5 Ne7 6. Nf3 Nd7 7. Bd3 Nxc5 8. O-O Nxd3 9. cxd3 O-O 10. a3 Bxc3 11. bxc3 Qc7 12. Bd2 b6 13. Qe2 Ba6 14. Rfe1 Nc6 15. h4 Rae8 16. Rac1 f6 17. Bf4 fxe5 18. Bxe5 Qd8 19. c4 dxc4 20. dxc4 Nxe5 21. Qxe5 Bb7 22. Ng5 Rf5 23. Qg3 Qc8 24. Re5 Rxe5 25. Qxe5 h6 26. Nh3 Qc5 27. Qxc5 bxc5 28. Nf4 Kf7 29. Nd3 Rc8 30. Re1 Kf6 31. f3 Rc6 32. Kf2 Bc8 33. Re3 Ke7 34. f4 Rd6 35. Nxc5 Rd4 36. Re4 Rd2+ 37. Kg3 Kd6 38. Re5 Rd4 39. Ne4+ Kd7 40. c5 Rd3+ 41. Kg4 Rxa3 42. Nd6 Ba6 43. f5 exf5+ 44. Nxf5 Ra2 45. g3 Be2+ 46. Kf4 g6 47. c6+ Kc8 48. Nd4 Bd3 49. Re8+ Kc7 50. Re7+ Kd6 51. Rd7+ Kc5 52. Ne6+ Kxc6 53. Rxd3 a5 54. Ke5 a4 55. Rc3+ Kb5 56. Nd4+ Kb4 57. Rc6 g5 58. Rxh6 gxh4 59. gxh4 Rh2 60. Rb6+ Ka5 61. Rh6 a3 62. Kd5 Kb4 63. Rb6+ Ka5 64. Kc6 Rb2 65. Nb3+ Ka4 66. Nc5+ Ka5 67. Ra6+ Kb4 68. Nd3+ 1-0

[Event "ESP-chT 1st Division 2020"]
[Site "Padron"]
[Date "2020.10.04"]
[Round "2.4"]
[White "Hernando Rodrigo, Jose Maria"]
[Black "Bayo Milagro, Alvaro"]
[Result "1-0"]
[ECO "E42"]
[WhiteElo "2311"]
[BlackElo "2254"]
[Annotator "ChessBase"]
[PlyCount "115"]
[EventDate "2020.10.01"]
[EventType "team-tourn"]
[EventCountry "ESP"]
[SourceTitle "playchess.com"]
[Source "ChessBase"]
[SourceQuality "1"]
[TimeControl "5400+30"]

1. d4 Nf6 2. c4 e6 3. Nc3 Bb4 4. e3 c5 5. Nge2 cxd4 6. exd4 d5 7. a3 Be7 8. c5 O-O 9. g3 b6 10. b4 bxc5 11. dxc5 Ba6 12. Bg2 Bc4 13. O-O a5 14. Rb1 Na6 15. Re1 axb4 16. axb4 Qb8 17. Bf4 Qa7 18. Nd4 Rfc8 19. Ndb5 Qb7 20. Nd6 Bxd6 21. Bxd6 Ne8 22. Be5 Nxb4 23. Qd4 Ra7 24. c6 Rxc6 25. Rxb4 Qe7 26. Rb8 Rd7 27. Bxg7 Rd8 28. Rxd8 Qxd8 29. Bh6 Qf6 30. Qd2 Rc8 31. Bf4 Qg6 32. Bf1 Ng7 33. Be5 Nf5 34. Bxc4 Rxc4 35. Nxd5 exd5 36. Qxd5 Rc8 37. Bb2 h6 38. Qd7 Rf8 39. Re8 f6 40. Qe6+ Kg7 41. Rxf8 Kxf8 42. Qxf6+ Qxf6 43. Bxf6 Kf7 44. Bc3 Kg6 45. Kg2 Nd6 46. f4 Ne4 47. Bb4 Nf6 48. h3 Nd5 49. Bd2 h5 50. Kf3 Kf6 51. g4 Kg6 52. Bc1 hxg4+ 53. hxg4 Nc3 54. f5+ Kf7 55. g5 Nd5 56. Ke4 Ne7 57. Ba3 Ng8 58. Ke5 1-0

[Event "ESP-chT 1st Division 2020"]
[Site "Padron"]
[Date "2020.10.04"]
[Round "2.5"]
[White "Vela Frago, Alberto"]
[Black "Korneev Leskova, Svyatoslav"]
[Result "0-1"]
[ECO "A06"]
[WhiteElo "2071"]
[BlackElo "2170"]
[Annotator "ChessBase"]
[PlyCount "138"]
[EventDate "2020.10.01"]
[EventType "team-tourn"]
[EventCountry "ESP"]
[SourceTitle "playchess.com"]
[Source "ChessBase"]
[SourceQuality "1"]
[TimeControl "5400+30"]

1. Nf3 d5 2. g3 c6 3. Bg2 Nd7 4. c4 dxc4 5. Qc2 b5 6. b3 cxb3 7. axb3 Bb7 8. d4 Ngf6 9. O-O e6 10. Nc3 a6 11. Rd1 Be7 12. Bb2 c5 13. Rac1 O-O 14. e3 Rc8 15. Qe2 Qb6 16. Nb1 Bd5 17. Nbd2 Qb7 18. Ne1 Bxg2 19. Nxg2 cxd4 20. Bxd4 Rxc1 21. Rxc1 Rc8 22. Qd1 Rc7 23. Ne1 Qc8 24. Nd3 e5 25. Bb2 e4 26. Rxc7 Qxc7 27. Qc1 Qxc1+ 28. Nxc1 Bb4 29. Nb1 Nd5 30. Kf1 f5 31. Ke2 g6 32. Kd1 Nc5 33. Ba3 Kf7 34. Kc2 Bxa3 35. Nxa3 Nb4+ 36. Kc3 Nbd3 37. Nxd3 Nxd3 38. Nc2 Nxf2 39. Kb4 Ke6 40. Ka5 Kd5 41. Nb4+ Kd6 42. Nc2 Kc5 43. Kxa6 Nd3 44. Ka5 b4 45. Nd4 Ne5 46. Ne6+ Kd6 47. Nd4 Ng4 48. Kxb4 Nxe3 49. Ne2 g5 50. Kc3 Ke5 51. b4 Nd5+ 52. Kc4 f4 53. gxf4+ gxf4 54. b5 f3 55. Ng3 Nb6+ 56. Kc3 Na4+ 57. Kd2 Nb6 58. Ke3 Nc4+ 59. Kf2 Kd4 60. h4 Kd3 61. Nf5 h5 62. Ng3 Ne5 63. b6 e3+ 64. Ke1 e2 65. b7 Nc6 66. Nh1 Ke3 67. Nf2 Nd4 68. Nd1+ exd1=Q+ 69. Kxd1 f2 0-1

[Event "ESP-chT 1st Division 2020"]
[Site "Padron"]
[Date "2020.10.04"]
[Round "2.6"]
[White "San Juan Morigosa, Isaura"]
[Black "Gracia Laguens, Asuncion"]
[Result "1-0"]
[ECO "E32"]
[WhiteElo "1766"]
[BlackElo "1414"]
[Annotator "NA"]
[PlyCount "47"]
[EventDate "2020.10.01"]
[EventType "team-tourn"]
[EventCountry "ESP"]
[SourceTitle "playchess.com"]
[Source "ChessBase"]
[SourceQuality "1"]
[TimeControl "5400+30"]

1. d4 Nf6 2. c4 e6 3. Nc3 Bb4 4. Qc2 O-O 5. e3 b6 6. Bd3 Bb7 7. f3 Bxc3+ 8. bxc3 d6 9. Nh3 h6 10. O-O e5 11. e4 Nc6 12. d5 Ne7 13. f4 exf4 14. Nxf4 Bc8 15. h3 c6 16. Be3 Bd7 17. Bd4 Ne8 18. Nh5 f6 19. Nf4 c5 20. Be3 f5 21. Rae1 fxe4 22. Bxe4 Bf5 23. Bxf5 Nxf5 24. Ne6 1-0

[Event "ESP-chT 1st Division 2020"]
[Site "Padron"]
[Date "2020.10.04"]
[Round "2.7"]
[White "Ladron De Guevara Pinto, Paolo"]
[Black "Suarez Gomez, Julio"]
[Result "1/2-1/2"]
[ECO "D35"]
[WhiteElo "2433"]
[BlackElo "2426"]
[Annotator "ChessBase"]
[PlyCount "89"]
[EventDate "2020.10.01"]
[EventType "team-tourn"]
[EventCountry "ESP"]
[SourceTitle "playchess.com"]
[Source "ChessBase"]
[SourceQuality "1"]
[TimeControl "5400+30"]

1. d4 d5 2. c4 e6 3. Nc3 Nf6 4. cxd5 exd5 5. Bg5 c6 6. e3 Be7 7. Bd3 Nbd7 8. Nf3 h6 9. Bh4 Nh5 10. Bxe7 Qxe7 11. O-O O-O 12. Qc2 Nhf6 13. Rab1 Nb6 14. Rfe1 Re8 15. Ne5 c5 16. b3 a6 17. Rbc1 cxd4 18. exd4 Be6 19. Qd2 Rac8 20. Bb1 Qd6 21. Qd3 Rc7 22. Rcd1 Nbd7 23. Re3 Nf8 24. Ne2 Rec8 25. f3 b5 26. g4 b4 27. Kg2 Bd7 28. Qd2 Ne6 29. Bf5 Nf4+ 30. Nxf4 Bxf5 31. Re2 Bh7 32. Nfd3 Bxd3 33. Nxd3 Rc3 34. Qf4 Qxf4 35. Nxf4 a5 36. Kf2 Kf8 37. h4 g5 38. hxg5 hxg5 39. Ng2 a4 40. bxa4 Ra8 41. Re3 Rxa4 42. Rd2 Rc1 43. Re1 Rc3 44. Re3 Rc1 45. Re1 1/2-1/2

[Event "ESP-chT 1st Division 2020"]
[Site "Padron"]
[Date "2020.10.04"]
[Round "2.8"]
[White "Reinaldo Castineira, Roi"]
[Black "Alshameary Puente, Ismael"]
[Result "1-0"]
[ECO "A20"]
[WhiteElo "2469"]
[BlackElo "2373"]
[Annotator "ChessBase"]
[PlyCount "113"]
[EventDate "2020.10.01"]
[EventType "team-tourn"]
[EventCountry "ESP"]
[SourceTitle "playchess.com"]
[Source "ChessBase"]
[SourceQuality "1"]
[TimeControl "5400+30"]

1. c4 e5 2. g3 Nf6 3. Bg2 d5 4. cxd5 Nxd5 5. Nf3 Nc6 6. O-O Nb6 7. b3 e4 8. Ne1 f5 9. Nc3 h5 10. d3 Bb4 11. Bb2 e3 12. Nc2 exf2+ 13. Rxf2 Bc5 14. e3 h4 15. d4 hxg3 16. hxg3 Bd6 17. Qf3 Qg5 18. Ne2 Bd7 19. a4 a5 20. e4 O-O-O 21. e5 Be7 22. Ne3 Kb8 23. Rc1 Qh6 24. d5 g5 25. dxc6 g4 26. Qf4 Bg5 27. cxd7 Bxf4 28. Nxf4 Nxd7 29. e6 Nf6 30. Nxf5 Qh2+ 31. Kf1 Nh5 32. Bxh8 Nxf4 33. e7 Rxh8 34. Rxf4 Re8 35. Rd1 Qh8 36. Rxg4 Qf6 37. Rf4 Ka7 38. Nd6 Qxe7 39. Nxe8 Qxe8 40. Rd5 c6 41. Rxa5+ Kb6 42. Raf5 Qe3 43. Rf3 Qc1+ 44. Kf2 Qb2+ 45. Kg1 Qd4+ 46. Rf2 Qd1+ 47. Kh2 Qxb3 48. a5+ Ka6 49. g4 Qb4 50. R2f4 Qd6 51. g5 Qg6 52. Kg3 Ka7 53. Be4 Qd6 54. Kh4 Qd2 55. g6 Qh2+ 56. Kg5 Qg3+ 57. Kf6 1-0

[Event "ESP-chT 1st Division 2020"]
[Site "Padron"]
[Date "2020.10.04"]
[Round "2.9"]
[White "Garrido Outon, Alex"]
[Black "Laiz Ibanez, Hector"]
[Result "1-0"]
[ECO "C11"]
[WhiteElo "2366"]
[BlackElo "2318"]
[Annotator "ChessBase"]
[PlyCount "95"]
[EventDate "2020.10.01"]
[EventType "team-tourn"]
[EventCountry "ESP"]
[SourceTitle "playchess.com"]
[Source "ChessBase"]
[SourceQuality "1"]
[TimeControl "5400+30"]

1. e4 e6 2. d4 d5 3. Nc3 Nf6 4. Bg5 dxe4 5. Nxe4 Be7 6. Bxf6 Bxf6 7. Nf3 Nd7 8. Qe2 Be7 9. O-O-O O-O 10. Kb1 c5 11. Nxc5 Nxc5 12. dxc5 Qc7 13. Ne5 Bxc5 14. g3 b5 15. Bg2 Rb8 16. f4 Rb6 17. Be4 a5 18. Qd3 g6 19. h4 f6 20. Nc6 Rxc6 21. Bxc6 Qxc6 22. h5 g5 23. fxg5 fxg5 24. h6 e5 25. Rhf1 Bg4 26. Rde1 Rxf1 27. Rxf1 Be7 28. Qe3 Qxh6 29. Qxe5 Qe6 30. Qxb5 Be2 31. Qe8+ Kg7 32. Re1 Kf6 33. a3 Kf5 34. Qh8 Bf6 35. Qxh7+ Kg4 36. Qd3 Qe5 37. Qxe2+ Qxe2 38. Rxe2 Kxg3 39. c4 Kf3 40. Re8 Bd4 41. b4 axb4 42. axb4 g4 43. Kc2 g3 44. Kd3 Bg7 45. Rg8 Be5 46. c5 g2 47. Rxg2 Kxg2 48. Ke4 1-0

[Event "ESP-chT 1st Division 2020"]
[Site "Padron"]
[Date "2020.10.04"]
[Round "2.10"]
[White "Abal Cores, Lucas"]
[Black "Herrera Delgado, Alejandro"]
[Result "1/2-1/2"]
[ECO "C55"]
[WhiteElo "2315"]
[BlackElo "2280"]
[Annotator "ChessBase"]
[PlyCount "110"]
[EventDate "2020.10.01"]
[EventType "team-tourn"]
[EventCountry "ESP"]
[SourceTitle "playchess.com"]
[Source "ChessBase"]
[SourceQuality "1"]
[TimeControl "5400+30"]

1. e4 e5 2. Nf3 Nc6 3. d4 exd4 4. Bc4 Nf6 5. e5 d5 6. Bb5 Nd7 7. O-O Be7 8. Bf4 O-O 9. Bxc6 bxc6 10. Nxd4 Nb8 11. Re1 c5 12. Nb3 Nc6 13. c3 a5 14. N1d2 a4 15. Nc1 Bf5 16. Qf3 Qd7 17. Ne2 Rab8 18. b3 axb3 19. axb3 Bc2 20. Ra6 Bxb3 21. Qd3 c4 22. Qg3 Bc2 23. h4 Ra8 24. Rea1 Rxa6 25. Rxa6 Bd3 26. Bh6 Bg6 27. Be3 Re8 28. Nf3 Bh5 29. Ned4 Nxd4 30. Nxd4 Qg4 31. Qxg4 Bxg4 32. g3 c5 33. Nc6 Bf8 34. f4 Rc8 35. Kf2 Bd7 36. Na5 Rb8 37. Ra7 Bg4 38. Nb7 h5 39. Ke1 d4 40. cxd4 cxd4 41. Bxd4 Bb4+ 42. Kf2 c3 43. Nd6 c2 44. Rc7 Bd1 45. Be3 Rd8 46. Ne4 Ba3 47. f5 Bg4 48. f6 Bf5 49. Ng5 gxf6 50. Nxf7 Rd7 51. Nh6+ Kh7 52. Rc3 Rd3 53. Rc7+ Rd7 54. Rc3 Rd3 55. Rc7+ Rd7 1/2-1/2

[Event "ESP-chT 1st Division 2020"]
[Site "Padron"]
[Date "2020.10.04"]
[Round "2.11"]
[White "Garcia Jimenez, Santiago"]
[Black "Segura Santos, Luis"]
[Result "1-0"]
[ECO "B90"]
[WhiteElo "2203"]
[BlackElo "2122"]
[Annotator "ChessBase"]
[PlyCount "119"]
[EventDate "2020.10.01"]
[EventType "team-tourn"]
[EventCountry "ESP"]
[SourceTitle "playchess.com"]
[Source "ChessBase"]
[SourceQuality "1"]
[TimeControl "5400+30"]

1. e4 c5 2. Nf3 d6 3. d4 Nf6 4. Nc3 cxd4 5. Nxd4 a6 6. h4 b5 7. a4 b4 8. Nd5 Bb7 9. Nxf6+ gxf6 10. Bc4 d5 11. exd5 Bxd5 12. Nc6 Nxc6 13. Bxd5 Rc8 14. Be3 e6 15. Bc4 Qxd1+ 16. Rxd1 Nb8 17. b3 Bc5 18. Bf4 e5 19. Be3 Ke7 20. Ke2 Bxe3 21. fxe3 Nd7 22. Rd2 Nc5 23. Rhd1 Rc7 24. Bd5 Rg8 25. Kf3 f5 26. g3 Ne4 27. Bxe4 fxe4+ 28. Kxe4 Rxg3 29. Kxe5 Rxe3+ 30. Kf4 Re6 31. h5 Rc5 32. Rd7+ Kf6 33. R1d5 Rxd5 34. Rxd5 Rc6 35. Rd4 a5 36. Rd5 Rxc2 37. Rxa5 Rf2+ 38. Kg4 Rg2+ 39. Kf4 Rf2+ 40. Ke4 Rb2 41. Rf5+ Ke6 42. Rf3 Rh2 43. Kd4 Rxh5 44. Kc4 Rh4+ 45. Kc5 f5 46. a5 Ke5 47. Re3+ Kf4 48. Re7 Kg3 49. a6 Rh1 50. Rg7+ Kf3 51. a7 Ra1 52. Rxh7 f4 53. Kxb4 Ke3 54. Kc5 f3 55. Kb6 f2 56. Rf7 Ra3 57. b4 Ra4 58. b5 Rf4 59. Rxf4 Kxf4 60. a8=Q 1-0

[Event "ESP-chT 1st Division 2020"]
[Site "Padron"]
[Date "2020.10.04"]
[Round "2.12"]
[White "Dorado Meijide, Andrea"]
[Black "Perera Borrego, Maria Adela"]
[Result "1-0"]
[ECO "C00"]
[WhiteElo "1779"]
[BlackElo "2221"]
[Annotator "ChessBase"]
[PlyCount "121"]
[EventDate "2020.10.01"]
[EventType "team-tourn"]
[EventCountry "ESP"]
[SourceTitle "playchess.com"]
[Source "ChessBase"]
[SourceQuality "1"]
[TimeControl "5400+30"]

1. e4 e6 2. d4 d5 3. Bd3 c5 4. exd5 Qxd5 5. Nc3 Qd8 6. Nf3 Nc6 7. Bf4 Nf6 8. Bb5 Bd7 9. d5 exd5 10. O-O Be7 11. Nxd5 Nxd5 12. Qxd5 O-O 13. Rad1 Be6 14. Qe4 Qc8 15. Rfe1 Bf5 16. Qc4 Bf6 17. Qxc5 Bxb2 18. Bxc6 bxc6 19. c3 Bg6 20. Rd2 Qg4 21. Bd6 Bxc3 22. Qxc3 Rfe8 23. Rde2 Rxe2 24. Rxe2 Be4 25. h3 Qg6 26. Nh4 Qxd6 27. Rxe4 Qd5 28. Qe3 Kf8 29. a4 Rb8 30. Qd4 Qxd4 31. Rxd4 Ke7 32. Nf5+ Kf6 33. g4 g6 34. Ne3 Ke6 35. f4 c5 36. Rc4 Kd6 37. Kf2 Rb2+ 38. Rc2 Rb4 39. Rc4 Rb2+ 40. Kf3 Rh2 41. Kg3 Re2 42. Re4 Ra2 43. f5 g5 44. h4 h6 45. hxg5 hxg5 46. f6 Kc6 47. Re7 Ra3 48. Kf3 Rxa4 49. Rxf7 Kd6 50. Rf8 Rf4+ 51. Kg3 c4 52. f7 Ke7 53. Ra8 Kxf7 54. Rxa7+ Ke6 55. Rc7 Re4 56. Kf3 Rf4+ 57. Ke2 Ke5 58. Rxc4 Rxc4 59. Nxc4+ Kf4 60. Ne3 Ke4 61. Ng2 1-0

[Event "ESP-chT 1st Division 2020"]
[Site "Padron"]
[Date "2020.10.04"]
[Round "2.13"]
[White "Espinosa Aranda, Angel"]
[Black "Alsina Leal, Daniel"]
[Result "0-1"]
[ECO "A28"]
[WhiteElo "2502"]
[BlackElo "2494"]
[Annotator "ChessBase"]
[PlyCount "72"]
[EventDate "2020.10.01"]
[EventType "team-tourn"]
[EventCountry "ESP"]
[SourceTitle "playchess.com"]
[Source "ChessBase"]
[SourceQuality "1"]
[TimeControl "5400+30"]

1. c4 e5 2. Nc3 Nf6 3. Nf3 Nc6 4. e3 Bb4 5. Qc2 Bxc3 6. Qxc3 Qe7 7. d4 e4 8. Nd2 O-O 9. a3 a5 10. d5 Ne5 11. b3 c6 12. Bb2 Re8 13. Be2 cxd5 14. cxd5 d6 15. h3 Bf5 16. Qd4 Rac8 17. g4 Bg6 18. h4 h5 19. g5 Nfg4 20. Nc4 f6 21. gxf6 Qxf6 22. Bxg4 hxg4 23. Nxe5 dxe5 24. Qd2 g3 25. fxg3 Bh5 26. Rf1 Bf3 27. Rc1 Rcd8 28. Rc5 Qg6 29. Qc1 Qxg3+ 30. Kd2 Rxd5+ 31. Bd4 Qg2+ 32. Kc3 exd4+ 33. exd4 Rxc5+ 34. dxc5 Qe2 35. Rg1 Qd3+ 36. Kb2 e3 0-1

[Event "ESP-chT 1st Division 2020"]
[Site "Padron"]
[Date "2020.10.04"]
[Round "2.14"]
[White "Alonso Moyano, Jonathan"]
[Black "Plazuelo Pascual, Juan"]
[Result "1/2-1/2"]
[ECO "C11"]
[WhiteElo "2334"]
[BlackElo "2474"]
[Annotator "ChessBase"]
[PlyCount "60"]
[EventDate "2020.10.01"]
[EventType "team-tourn"]
[EventCountry "ESP"]
[SourceTitle "playchess.com"]
[Source "ChessBase"]
[SourceQuality "1"]
[TimeControl "5400+30"]

1. e4 e6 2. d4 d5 3. Nc3 Nf6 4. exd5 exd5 5. Bd3 c5 6. Bg5 Be6 7. Qf3 Be7 8. dxc5 Nbd7 9. Nge2 O-O 10. O-O h6 11. Bh4 Bg4 12. Qe3 Re8 13. Rfe1 Bxc5 14. Bxf6 Qxf6 15. Qf4 Bxe2 16. Qxf6 Nxf6 17. Rxe2 Bd4 18. Rxe8+ Rxe8 19. Ne2 Bb6 20. c3 Ng4 21. Nd4 Ne5 22. Bb5 Re7 23. Rd1 a6 24. Bf1 g6 25. h3 Nc6 26. Nxc6 bxc6 27. Bd3 a5 28. Kf1 Kg7 29. Re1 Rxe1+ 30. Kxe1 Kf6 1/2-1/2

[Event "ESP-chT 1st Division 2020"]
[Site "Padron"]
[Date "2020.10.04"]
[Round "2.15"]
[White "Rubio Mejia, Luis Ignacio"]
[Black "Hernandez, Cristian Andres"]
[Result "1/2-1/2"]
[ECO "E46"]
[WhiteElo "2405"]
[BlackElo "2320"]
[Annotator "ChessBase"]
[PlyCount "96"]
[EventDate "2020.10.01"]
[EventType "team-tourn"]
[EventCountry "ESP"]
[SourceTitle "playchess.com"]
[Source "ChessBase"]
[SourceQuality "1"]
[TimeControl "5400+30"]

1. d4 Nf6 2. c4 e6 3. Nc3 Bb4 4. e3 O-O 5. Bd2 d5 6. Nf3 b6 7. cxd5 exd5 8. Bd3 Bb7 9. O-O a6 10. Ne5 Nbd7 11. Rc1 c5 12. Nxd7 Qxd7 13. dxc5 d4 14. c6 Bxc6 15. exd4 Qxd4 16. Ne2 Qxd3 17. Bxb4 Qe4 18. Rxc6 Qxc6 19. Bxf8 Rxf8 20. Nc3 b5 21. Qd4 Re8 22. Rd1 h5 23. h3 Re6 24. Kf1 g6 25. a4 bxa4 26. Qxa4 Qc8 27. Kg1 Qb7 28. Qc2 Re5 29. h4 Qe7 30. Qd2 Kg7 31. g3 Qb4 32. Kg2 Ng4 33. Nd5 Qe4+ 34. Kg1 Qf3 35. Qd4 f6 36. Nc3 Ne3 37. Qd7+ Kh6 38. fxe3 Qxg3+ 39. Kf1 Rxe3 40. Qd2 Qf4+ 41. Kg1 Rg3+ 42. Kh1 Rh3+ 43. Kg1 Rxh4 44. Qxf4+ Rxf4 45. Ra1 Rg4+ 46. Kh1 Rh4+ 47. Kg1 Rg4+ 48. Kh1 Rh4+ 1/2-1/2

[Event "ESP-chT 1st Division 2020"]
[Site "Padron"]
[Date "2020.10.04"]
[Round "2.16"]
[White "Perez Manas, Benjamin"]
[Black "Martinez Martin, David"]
[Result "1-0"]
[ECO "B72"]
[WhiteElo "2259"]
[BlackElo "2389"]
[Annotator "ChessBase"]
[PlyCount "119"]
[EventDate "2020.10.01"]
[EventType "team-tourn"]
[EventCountry "ESP"]
[SourceTitle "playchess.com"]
[Source "ChessBase"]
[SourceQuality "1"]
[TimeControl "5400+30"]

1. e4 c5 2. Nf3 d6 3. d4 cxd4 4. Nxd4 Nf6 5. Nc3 g6 6. Be3 Nc6 7. f3 h5 8. Qd2 Nxd4 9. Bxd4 Bh6 10. Qf2 Qa5 11. Bb5+ Kf8 12. O-O e5 13. Be3 Bxe3 14. Qxe3 Be6 15. Ba4 Qc5 16. Rfe1 a6 17. Bb3 Qxe3+ 18. Rxe3 Bxb3 19. axb3 Rc8 20. Rd3 Ke7 21. Rd2 Rhd8 22. Re1 Rc5 23. Nd1 Ke6 24. Ne3 Ra5 25. b4 Ra2 26. c3 b5 27. Red1 a5 28. bxa5 Rxa5 29. Nd5 Ne8 30. Kf2 Rda8 31. Nc7+ Nxc7 32. Rxd6+ Ke7 33. Rd7+ Kf6 34. Rxc7 Ra2 35. Rd2 Rb8 36. Ke3 b4 37. c4 b3 38. c5 h4 39. Rd6+ Kg5 40. Rb6 Rd8 41. Rxb3 f5 42. exf5 gxf5 43. c6 f4+ 44. Ke2 Ra1 45. Rd7 Rg8 46. Rc3 Kf5 47. c7 Rxg2+ 48. Kd3 Rg8 49. Kc2 Raa8 50. b4 Ke6 51. Rh7 Raf8 52. Kd3 Kd5 53. Rc5+ Kd6 54. Ke4 Ra8 55. Rxh4 Rgc8 56. Rh6+ Kd7 57. Kd5 e4 58. Rh7+ Ke8 59. Kxe4 Ra4 60. Rhh5 1-0

[Event "ESP-chT 1st Division 2020"]
[Site "Padron"]
[Date "2020.10.04"]
[Round "2.17"]
[White "Martinez Piqueras, Carlos"]
[Black "Martinez Ramirez, Erik"]
[Result "1/2-1/2"]
[ECO "B38"]
[WhiteElo "2200"]
[BlackElo "2231"]
[Annotator "ChessBase"]
[PlyCount "104"]
[EventDate "2020.10.01"]
[EventType "team-tourn"]
[EventCountry "ESP"]
[SourceTitle "playchess.com"]
[Source "ChessBase"]
[SourceQuality "1"]
[TimeControl "5400+30"]

1. e4 c5 2. Nf3 Nc6 3. d4 cxd4 4. Nxd4 g6 5. c4 Bg7 6. Be3 d6 7. Nc3 Nf6 8. Be2 O-O 9. h3 a5 10. Ndb5 Nd7 11. Qd2 Nc5 12. O-O a4 13. Rad1 Qa5 14. f4 f5 15. e5 Rd8 16. exd6 exd6 17. Nxd6 Bxc3 18. Qxc3 Qxc3 19. bxc3 Ne4 20. Nxe4 fxe4 21. Bb6 Rxd1 22. Rxd1 Be6 23. a3 Kf7 24. Kf2 Rc8 25. c5 Ne7 26. Rd6 e3+ 27. Kf1 Nf5 28. Rd1 Ng3+ 29. Ke1 Ne4 30. Rd3 Nxc5 31. Rxe3 Rc6 32. Ba7 Bd7 33. Bb8 Rb6 34. Re5 Ne6 35. f5 Nf4 36. fxg6+ hxg6 37. Bc4+ Kf6 38. g4 g5 39. Re4 Nxh3 40. Be5+ Kg6 41. Rd4 Bb5 42. Ba2 Bc6 43. Rd6+ Kh7 44. Be6 Rb1+ 45. Kd2 Be4 46. c4 Nf4 47. Bc8 Rb3 48. Rd7+ Kg6 49. Rd4 Rb2+ 50. Kc1 Rb1+ 51. Kd2 Rb2+ 52. Kc1 Rb1+ 1/2-1/2